AoeStats
← Rattack

Fortress

509940466Analyzed
2v2 RM · 4d ago on Sep 28, 2026· 46m 44s· 4 players
Game mode
Random Map
Map size
Normal (6 player)
Population
200
Speed
Normal
Resources
Standard
Victory
Conquest
Starting age
Dark Age
Ending age
Imperial Age
RankedLock teamsTeams togetherTeam positionsShared explorationLock speedFull tech treeHidden civsTurbo modeCheats
Victory
Defeat
🇫🇷 Saxons · France
1466
+15
🇫🇷 Britons · France
1466
+15
🇫🇮 Romans · Finland
1465
-16
🇫🇮 Tupi · Finland
1425
-14
Rattack
6:20 Feudal Age
8:18 Wheelbarrow
10:55 Castle Age
9:02 Double-Bit Axe
9:38 Horse Collar
10:11 Gold Mining
12:12 Bow Saw
16:30 Heavy Plow
18:13 Hand Cart
21:42 Town Watch
23:35 Gold Shaft Mining
26:07 Imperial Age
23:28 Loom
23:55 Fletching
24:21 Scale Barding Armor
24:26 Forging
25:46 Chain Barding Armor
25:38 Stone Mining
26:25 Bloodlines
26:15 Husbandry
26:55 Iron Casting
26:13 Elite Centurion
27:16 Conscription
28:08 Plate Barding Armor
34:08 Blast Furnace
35:57 Bodkin Arrow
35:35 Man-at-Arms
36:15 Squires
36:09 Long Swordsman
39:06 Ballistics
39:47 Chemistry
39:05 Legionary
40:02 Scale Mail Armor
43:37 Chain Mail Armor
kummisetä
7:39 Feudal Age
11:23 Castle Age
9:47 Double-Bit Axe
9:45 Horse Collar
11:16 Gold Mining
12:44 Bow Saw
13:30 Wheelbarrow
13:10 Champi Runner
14:17 Heavy Plow
14:42 Squires
15:48 Scale Mail Armor
17:13 Champi Warrior
18:02 Town Watch
18:03 Loom
19:32 Chain Mail Armor
21:42 Forging
28:33 Hand Cart
29:50 Iron Casting
39:58 Imperial Age
38:46 Ballistics
41:18 Plate Mail Armor
42:49 Arson
43:51 Caravan
43:48 Elite Ibirapema Warrior
Ziko
7:40 Feudal Age
5:59 Loom
12:05 Castle Age
9:58 Double-Bit Axe
10:20 Horse Collar
13:47 Bow Saw
15:50 Wheelbarrow
18:29 Heavy Plow
21:42 Hand Cart
22:47 Man-at-Arms
23:39 Forging
23:29 Scale Mail Armor
23:35 Long Swordsman
26:53 Imperial Age
26:43 Fletching
26:54 Padded Archer Armor
27:03 Two-Handed Swordsman
27:05 Pikeman
28:41 Iron Casting
28:50 Champion
29:36 Scale Mail Armor
29:30 Capped Ram
32:28 Chain Mail Armor
33:09 Halberdier
34:53 Plate Mail Armor
39:15 Blast Furnace
Tom
6:49 Feudal Age
5:37 Loom
11:02 Castle Age
9:20 Double-Bit Axe
9:37 Horse Collar
13:12 Bow Saw
19:21 Wheelbarrow
18:39 Gold Mining
20:10 Gold Shaft Mining
21:20 Fletching
22:29 Hand Cart
26:42 Imperial Age
25:01 Scale Mail Armor
25:11 Forging
24:24 Man-at-Arms
25:04 Squires
24:50 Gambesons
25:42 Pikeman
27:06 Chain Mail Armor
27:27 Iron Casting
26:40 Long Swordsman
26:48 Capped Ram
26:53 Halberdier
28:00 Two-Handed Swordsman
28:55 Champion
31:14 Plate Mail Armor
32:33 Siege Ram
33:42 Heavy Plow
34:43 Two-Man Saw
33:29 Town Watch
33:42 Treadmill Crane
34:13 Masonry
34:51 Stone Mining
36:15 Siege Engineers
37:11 Chemistry
38:56 Fortified Wall
39:02 Murder Holes
39:38 Architecture
41:18 Conscription
40:32 Shield Wall
43:30 Caravan
Connection lost

Rejoining the realm…

Still unreachable

The connection could not be restored.

Session expired

The server has moved on; the page needs a fresh start.